AoeStats
← Castriniti

Lombardia

509544022Analyzed
2v2 RM · 6d ago on Sep 27, 2026· 34m 7s· 4 players
Game mode
Random Map
Map size
Medium (4 player)
Population
200
Speed
Normal
Resources
Standard
Victory
Conquest
Starting age
Dark Age
Ending age
Imperial Age
RankedLock teamsTeams togetherTeam positionsShared explorationLock speedFull tech treeHidden civsTurbo modeCheats
Victory
Defeat
🇵🇪 Mongols · Peru
745
+13
🇵🇪 Saxons · Peru
722
+14
🇨🇴 Persians · Colombia
745
-15
🇨🇴 Britons · Colombia
633
-12
esteb420
9:56 Feudal Age
13:29 Double-Bit Axe
14:01 Fletching
14:12 Padded Archer Armor
15:44 Wheelbarrow
28:22 Castle Age
26:57 Loom
Castriniti
10:55 Feudal Age
14:43 Double-Bit Axe
16:15 Gold Mining
18:27 Wheelbarrow
17:51 Horse Collar
19:12 Town Watch
22:14 Man-at-Arms
Tio Paloma
10:36 Feudal Age
11:35 Man-at-Arms
17:36 Double-Bit Axe
24:13 Castle Age
22:47 Horse Collar
23:36 Stone Mining
23:40 Gold Mining
25:01 Bloodlines
25:56 Light Cavalry
26:37 Husbandry
30:19 Town Watch
30:36 Heavy Plow
30:49 Bow Saw
30:59 Treadmill Crane
30:57 Long Swordsman
31:23 Gambesons
34:18 Fortified Wall
Alejandro Toledo
8:51 Feudal Age
9:22 Double-Bit Axe
14:44 Wheelbarrow
15:26 Horse Collar
17:45 Bloodlines
22:06 Castle Age
20:22 Gold Mining
25:10 Forging
25:05 Scale Barding Armor
26:08 Hand Cart
26:11 Bow Saw
26:02 Heavy Plow
27:26 Stone Mining
28:15 Gold Shaft Mining
31:20 Iron Casting
32:17 Chain Barding Armor
32:48 Husbandry
Connection lost

Rejoining the realm…

Still unreachable

The connection could not be restored.

Session expired

The server has moved on; the page needs a fresh start.